 Dungeon Crawl Stone Soup version 0.24.0-13-gcf9b3192b9 (webtiles) character file.

Game seed: 10678253454642509709, levelgen mode: deterministic

22540 DavidChitty2 the Severer (level 13, -9/113 HPs)
             Began as a Hill Orc Fighter on Nov 8, 2019.
             Was an Elder of Beogh.
             Mangled by a dire elephant (32 damage)
             ... in a Gauntlet.
             The game lasted 00:23:05 (14302 turns).

DavidChitty2 the Severer (Hill Orc Fighter)        Turns: 14302, Time: 00:23:05

Health: -9/113     AC: 12    Str: 24    XL:     13   Next: 0%
Magic:  0/22       EV: 10    Int:  8    God:    Beogh [****..]
Gold:   822        SH: 17    Dex: 10    Spells: 12/12 levels left

rFire    . . .     SeeInvis .   a - +0 war axe
rCold    . . .     Gourm    .   I - +0 shield
rNeg     . . .     Faith    .   w - +0 plate armour
rPois    +         Spirit   +   q - +1 helmet
rElec    .         Reflect  +   y - scarf {Spirit}
rCorr    .         Harm     .   h - +0 pair of gloves
MR       .....     NoTele   +   (no boots)
Stlth    ..........             p - +5 amulet of reflection
HPRegen  0.28/turn              N - +4 ring of evasion
MPRegen  0.18/turn              M - ring of poison resistance

@: no status effects
A: deformed body
a: Smiting, Recall Orcish Followers, Renounce Religion


You were in a Gauntlet.
You worshipped Beogh.
Beogh was greatly pleased with you.
You were not hungry.

You visited 3 branches of the dungeon, and saw 15 of its levels.
You also visited: Gauntlet.

You collected 822 gold pieces.

Inventory:

Hand Weapons
 a - a +0 war axe (weapon)
 b - a +0 whip
   (You found it on level 11 of the Dungeon)
Missiles
 o - a throwing net {!f}
Armour
 h - a +0 pair of gloves (worn)
   (You found it on level 3 of the Dungeon)
 q - a +1 helmet (worn)
   (You found it on level 5 of the Dungeon)
 w - a +0 plate armour (worn)
   (You took it off an orc warrior on level 7 of the Dungeon)
 y - a scarf of spirit shield (worn)
   (You found it on level 6 of the Dungeon)
 I - a +0 shield (worn)
Jewellery
 p - a +5 amulet of reflection (around neck)
   (You found it on level 4 of the Dungeon)
 M - a ring of poison resistance (right hand)
   (You found it on level 9 of the Dungeon)
 N - a +4 ring of evasion (left hand)
   (You found it on level 5 of the Dungeon)
Wands
 c - a wand of disintegration (15)
   (You found it on level 8 of the Dungeon)
 d - a wand of iceblast (16)
   (You found it on level 8 of the Dungeon)
 l - a wand of clouds (10)
   (You found it on level 4 of the Dungeon)
 t - a wand of flame (16)
   (You found it on level 10 of the Dungeon)
 u - a wand of paralysis (19)
   (You found it on level 7 of the Dungeon)
 x - a wand of acid (5)
   (You found it on level 6 of the Dungeon)
 C - a wand of enslavement (7)
   (You found it on level 7 of the Dungeon)
 L - a wand of polymorph (8)
   (You found it on level 9 of the Dungeon)
Scrolls
 j - 10 scrolls of teleportation {@r4}
 k - 4 scrolls of blinking
 v - 5 scrolls of immolation {!r}
 G - 3 scrolls of fog
 K - 9 scrolls of remove curse {@r2}
 O - a scroll of enchant armour
Potions
 f - 8 potions of curing {@q1}
 g - 5 potions of brilliance
 m - 4 potions of haste {@q3}
 n - 2 potions of flight
 r - a potion of cancellation
 s - a potion of ambrosia
 z - a potion of agility
 A - a potion of magic
 B - a potion of lignification {!q}
 D - a potion of mutation {unknown}
 F - a potion of berserk rage
 H - 2 potions of might
 J - 2 potions of invisibility
Comestibles
 e - 37 rations {!d}


   Skills:
 + Level 10.0 Fighting
 * Level 17.3(17.5) Axes
 - Level 4.3(10.9) Maces & Flails
 + Level 9.1 Armour
 + Level 9.2 Shields
 + Level 12.1 Invocations


You had 12 spell levels left.
You didn't know any spells.
Your spell library contained the following spells:

 Spells                   Type           Power        Failure   Level  Hunger
 Beastly Appendage        Tmut           #.....       100%        1    ##.....
 Magic Dart               Conj           #...         100%        1    ##.....
 Blink                    Tloc           N/A          100%        2    ###....
 Call Imp                 Summ           #.......     100%        2    ###....
 Slow                     Hex            #.......     100%        2    ###....
 Sticks to Snakes         Tmut           #.......     100%        2    ###....
 Conjure Flame            Conj/Fire      #.......     100%        3    ####...
 Mephitic Cloud           Conj/Pois/Air  #.......     100%        3    ####...
 Spider Form              Tmut/Pois      #.........   100%        3    ####...
 Ice Form                 Ice/Tmut       #.......     100%        4    #####..
 Blade Hands              Tmut           #.........   100%        5    ######.


Dungeon Overview and Level Annotations

Branches:
Dungeon (11/15)            Temple (1/1) D:7            Lair (3/6) D:11
 Shoals (0/4) Lair:2          Orc (0/2) D:10        Gauntlet (1/1)
  Snake: Lair:2-4    Spider: Lair:2-4

Altars:
Ashenzari
Cheibriados
Dithmenos
Elyvilon
Fedhas
Gozag
Hepliaklqana
Kikubaaqudgha
Makhleb
Nemelex Xobeh
Okawaru
Qazlal
Ru
Sif Muna
Trog
Uskayaw
Vehumet
Wu Jian
Xom
Yredelemnul
Zin
The Shining One

Annotations:
D:8 3 runed translucent doors, Daviar's ghost, novice DsGl
Abyss:1 Fannar Gauntlet 7 transporters


Innate Abilities, Weirdness & Mutations

Armour fits poorly on your strangely shaped body.


Message History

You block the elephant's attack. x2
You hit the dire elephant but do no damage.
You hit the elephant but do no damage. The dire elephant barely misses you.
The dire elephant trunk-slaps you but does no damage.
You hit the dire elephant. You slash the elephant! The elephant tramples you.
You hold your ground!
You block the elephant's attack. You block the dire elephant's attack.
The dire elephant trunk-slaps you!
You hit the dire elephant but do no damage.
You hit the elephant. The elephant tramples you.
You hold your ground!
The elephant trunk-slaps you.
Your shield and plate armour prevent you from hitting the dire elephant.
You slash the elephant! The dire elephant tramples you!!
You stumble backwards!
You hit the elephant but do no damage.
You hit the dire elephant but do no damage.
The dire elephant tramples you!
* * * LOW HITPOINT WARNING * * *
You stumble backwards!
You are too injured to fight recklessly!
You hit the dire elephant. You hit the elephant. You slash the dire elephant!
You slash the elephant!
You block the dire elephant's attack. x2
The elephant tramples you but does no damage.
You block the elephant's attack.
You hit the dire elephant but do no damage.
You hit the elephant but do no damage. The dire elephant tramples you!!
* * * LOW HITPOINT WARNING * * *
You hold your ground!
The dire elephant closely misses you. You block the elephant's attack.
The elephant trunk-slaps you but does no damage.
Smite: a dire elephant (heavily wounded)
You smite the dire elephant!
The dire elephant tramples you.
* * * LOW HITPOINT WARNING * * *
You hold your ground!
The dire elephant closely misses you. The elephant tramples you.
* * * LOW HITPOINT WARNING * * *
You hold your ground!
The elephant trunk-slaps you.
* * * LOW HITPOINT WARNING * * *
You don't have enough magic at the moment.
Unknown command.
Your plate armour prevents you from hitting the dire elephant.
You hit the elephant. You block the dire elephant's attack.
The dire elephant barely misses you.
You slash the dire elephant! You hit the elephant. The elephant tramples you.
* * * LOW HITPOINT WARNING * * *
You hold your ground!
The elephant trunk-slaps you but does no damage.
Unknown command.
You slash the dire elephant! You hit the elephant but do no damage.
The dire elephant tramples you!!
You die...

#..##..?©=!.##...#!.#[©(...#
###..#.#.....#.#...#...#h....#
#8#..#..#...#..#...#...#....##
###..#...#.#...#...#....#.##.#
#..#...^#^...#...#b..###...#
###..#..^#©#...#...#t##©#....#
#8#..#.^#...#..#...##....#...#
###..#.#....Y#.#...#hb...#...#
#..##.....Y@##...#b.bh..#..#
###..###########...###########
#8#.....#.©.#....≈....#.©.#...
###...8.#...#...≈8≈...#...#.8.
#.....#.©.#....§....#.©.#...
###..###########...###########
#8#..#?≈..©.≈..#...#..!.©:.WW#
###..#.§§§...≈.#...#......P.W#
#..#..≈.§.§§.#...#..#.PP#P.#


You could see a dire elephant, an elephant, a fire crab, a hell hound and a fire
bat.

Vanquished Creatures
  Erica (D:8)
  A deep elf mage (D:9)
  A cyclops (D:11)
  A merfolk siren (Lair:2)
  A torpor snail (Gauntlet)
  2 komodo dragons (Lair:3)
  A merfolk (Lair:2)
  Grinder (D:3)
  2 trolls
  2 hornets
  5 blink frogs
  A hippogriff (D:11)
  A wyvern (D:9)
  23 yaks
  2 chaos spawn (Gauntlet)
  A neqoxec (Gauntlet)
  2 soldier ants (D:10)
  4 water moccasins
  A porcupine (Lair:1)
  A hornet zombie (D:7)
  An eye of draining (D:8)
  4 ice beasts
  A swamp drake (D:10)
  A sky beast (D:6)
  3 phantoms
  3 orc warriors (D:7)
  3 wolves (D:11)
  7 ogres
  4 centaurs
  4 crocodiles
  8 bullfrogs
  3 scorpions
  A wyvern skeleton (D:8)
  2 killer bees (D:11)
  2 wights (D:11)
  3 howler monkeys (D:7)
  3 crimson imps
  6 hounds
  6 jellies
  6 orc wizards
  A centaur skeleton (D:8)
  A gnoll shaman (D:6)
  4 orc priests
  2 bullfrog skeletons
  2 iguanas
  6 worker ants
  A killer bee zombie (D:6)
  A hound skeleton (D:10)
  9 gnolls
  11 adders
  2 shadow imps
  An ooze (D:2)
  An adder zombie (D:6)
  8 worms
  2 dart slugs (D:1)
  A leopard gecko (D:4)
  25 orcs
  4 ball pythons
  A bat skeleton (D:2)
  A giant cockroach (D:1)
  7 hobgoblins
  16 jackals
  13 kobolds
  5 quokkas
  7 bats
  3 frilled lizards
  A giant cockroach zombie (D:6)
  6 goblins
  A jackal skeleton (D:6)
  A leopard gecko skeleton (D:6)
  5 rats
  A fungus (Lair:2)
275 creatures vanquished.

Vanquished Creatures (collateral kills)
  Erolcha (D:11)
  2 hydras
  A black mamba (Lair:3)
  4 komodo dragons
  A troll (D:11)
  7 blink frogs
  A meliai zombie (D:11)
  A hippogriff (Lair:1)
  9 yaks
  Grum (D:11)
  A basilisk (Lair:1)
  A steam dragon (D:11)
  3 water moccasins
  2 orc warriors
  2 black bears (D:11)
  4 porcupines
  A phantom (D:11)
  A wolf (D:11)
  3 crocodiles
  A gnoll sergeant (D:11)
  2 bullfrogs
  A scorpion (D:11)
  A wyvern skeleton (D:11)
  3 killer bees (D:11)
  4 wights (D:11)
  An orc wizard (D:10)
  An iguana (D:11)
  A hound skeleton (D:11)
  A shadow imp (D:11)
  An orc (D:11)
  A plant (D:11)
64 creatures vanquished.

Vanquished Creatures (others)
  A spiny frog (Lair:3)
  A komodo dragon (Lair:3)
  2 yaks
  A black bear (D:11)
  A centaur (D:8)
  A killer bee (D:11)
  A crimson imp (D:11)
  A gnoll (D:11)
  3 orcs
  22 fungi (D:11)
  4 plants (D:11)
  22 withered plants (Gauntlet)
60 creatures vanquished.

Grand Total: 399 creatures vanquished

Notes
Turn   | Place    | Note
-------+----------+-------------------------------------------
     0 | D:1      | DavidChitty2 the Hill Orc Fighter began the quest for the
                  | Orb.
     0 | D:1      | Reached XP level 1. HP: 19/19 MP: 1/1
    63 | D:1      | Reached skill level 3 in Axes
    64 | D:1      | Reached XP level 2. HP: 19/27 MP: 2/2
   340 | D:1      | Reached XP level 3. HP: 33/33 MP: 3/3
   882 | D:2      | Reached skill level 4 in Axes
   967 | D:2      | Reached XP level 4. HP: 40/40 MP: 4/4
  1377 | D:2      | Reached XP level 5. HP: 45/47 MP: 5/5
  1817 | D:2      | Reached skill level 5 in Axes
  1985 | D:3      | Noticed an ogre
  1995 | D:3      | Killed an ogre
  1995 | D:3      | Reached XP level 6. HP: 8/55 MP: 6/6
  2148 | D:3      | Noticed Grinder
  2188 | D:3      | Killed Grinder
  2188 | D:3      | Reached skill level 5 in Fighting
  2188 | D:3      | Reached skill level 6 in Axes
  2188 | D:3      | Reached XP level 7. HP: 25/61 MP: 7/7
  2509 | D:3      | Found a blossoming altar of Fedhas.
  2546 | D:3      | Found a blossoming altar of Fedhas.
  2760 | D:4      | HP: 1/61 [ogre/+0 giant club (21)]
  3380 | D:4      | Reached skill level 7 in Axes
  3416 | D:4      | Reached skill level 5 in Armour
  3416 | D:4      | Reached skill level 5 in Shields
  3482 | D:4      | Found an ancient bone altar of Kikubaaqudgha.
  3487 | D:4      | Found a sparkling altar of Nemelex Xobeh.
  3655 | D:4      | Reached XP level 8. HP: 50/70 MP: 8/8
  3682 | D:4      | Reached skill level 8 in Axes
  3852 | D:4      | Noticed a hornet
  3856 | D:4      | Paralysed by a hornet for 2 turns
  3862 | D:4      | Killed a hornet
  4082 | D:4      | Found a white marble altar of Elyvilon.
  4086 | D:4      | Found a bloodstained altar of Trog.
  4223 | D:5      | Entered Level 5 of the Dungeon
  4343 | D:5      | Became a worshipper of Beogh the Brigand
  4770 | D:5      | Reached skill level 14 in Axes
  4770 | D:5      | Reached XP level 9. HP: 77/77 MP: 8/15
  5437 | D:6      | Reached * piety under Beogh
  5496 | D:6      | Got a translucent chain mail
  5508 | D:6      | Identified the +5 chain mail of Duty {MR- Regen+ rCorr
                  | Stlth+} (You found it on level 6 of the Dungeon)
  6089 | D:7      | Reached XP level 10. HP: 60/84 MP: 13/17
  6099 | D:7      | Reached skill level 15 in Axes
  6209 | D:7      | Found a staircase to the Ecumenical Temple.
  6925 | Temple   | Entered the Ecumenical Temple
  7364 | D:8      | Found the +7 sceptre of Torment {pain, torment}
  7562 | D:8      | Noticed Erica
  7570 | D:8      | Killed Erica
  7570 | D:8      | Reached skill level 1 in Maces & Flails
  7718 | D:8      | Found a glowing silver altar of Zin.
  7905 | D:8      | Found a runed translucent gate.
  7905 | D:8      | Found a runed translucent gate.
  7905 | D:8      | Found a runed translucent gate.
  7907 | D:8      | Found an opulent altar of Gozag.
  7908 | D:8      | Noticed a cyclops
  7909 | D:8      | Noticed Daviar's ghost (novice DsGl)
  7959 | D:9      | Reached ** piety under Beogh
  7981 | D:9      | Reached skill level 10 in Invocations
  8183 | D:9      | Noticed a deep elf mage
  8197 | D:9      | Killed a deep elf mage
  8197 | D:9      | Reached XP level 11. HP: 25/92 MP: 4/18
  8803 | D:10     | Entered Level 10 of the Dungeon
  9067 | D:10     | You fall into a shaft and drop 1 floor!
  9068 | D:11     | Found a sacrificial altar of Ru.
  9633 | D:10     | Reached *** piety under Beogh
  9802 | D:10     | Found a staircase to the Orcish Mines.
 10253 | D:11     | Noticed Fannar
 10260 | D:11     | Banished Fannar
 10467 | D:11     | Noticed a cyclops
 10477 | D:11     | Killed a cyclops
 10527 | D:11     | Found a staircase to the Lair.
 10559 | D:11     | Reached **** piety under Beogh
 10596 | D:11     | Found a burning altar of Makhleb.
 10599 | D:11     | Noticed Erolcha
 10609 | D:11     | Killed Erolcha
 10873 | D:11     | Noticed Grum
 10885 | D:11     | Reached skill level 16 in Axes
 10888 | D:11     | Killed Grum
 10967 | Lair:1   | Entered Level 1 of the Lair of Beasts
 11042 | Lair:1   | Reached XP level 12. HP: 102/103 MP: 18/20
 11078 | Lair:1   | Gained Bogric as an ally
 11775 | Lair:1   | Noticed a four-headed hydra
 11787 | Lair:1   | Killed a four-headed hydra
 12396 | Lair:2   | Noticed an eight-headed hydra
 12407 | Lair:2   | Killed an 11-headed hydra
 12580 | Lair:2   | Found a blossoming altar of Fedhas.
 12729 | Lair:2   | Found a staircase to the Shoals.
 13264 | Lair:3   | Reached skill level 17 in Axes
 13270 | Lair:3   | Reached ***** piety under Beogh
 13378 | Lair:3   | Found a gate leading to a gauntlet.
 13457 | Gauntlet | Entered a Gauntlet
 13457 | Gauntlet | Found a transporter.
 13457 | Gauntlet | Found a transporter.
 13458 | Gauntlet | Found a transporter.
 13460 | Gauntlet | Found a transporter.
 13461 | Gauntlet | Found a transporter.
 13461 | Gauntlet | Found a transporter.
 13471 | Gauntlet | Found a transporter.
 13475 | Gauntlet | Found a transporter.
 13487 | Gauntlet | Found a transporter.
 13490 | Gauntlet | Found a transporter.
 13490 | Gauntlet | Noticed a dire elephant
 13509 | Gauntlet | Found a transporter.
 13513 | Gauntlet | Found a transporter.
 13843 | Gauntlet | Gained mutation: Armour fits poorly on your strangely
                  | shaped body. [a neqoxec]
 13845 | Gauntlet | Reached skill level 10 in Fighting
 13849 | Gauntlet | Paralysed by a chaos spawn for 4 turns
 13862 | Gauntlet | Reached XP level 13. HP: 26/113 MP: 4/22
 14302 | Gauntlet | Mangled by a dire elephant

Levels and vault maps discovered:
D:1:      evilmike_arrival_crescent, layout_loops_corners
D:2:      layout_basic, minmay_mini_jars
D:3:      layout_rooms, nicolae_overflow_crystal_walls, fedhas_ov_isle_minmay,
          uniq_grinder
D:4:      layout_rooms, minitemple, gammafunk_temple_overflow_pools,
          first_ration
D:5:      layout_basic
D:6:      layout_loops_ring
D:7:      layout_basic, minmay_temple_entry_trees, lemuel_statue_altar
D:8:      layout_loops_ring, marbit_many_paths, ebering_ghost_gozag, uniq_erica
D:9:      layout_rooms
D:10:     layout_stronghold, erik_orc_1, hangedman_pestilent_swarm
D:11:     layout_cross, due_lair_maze_entry_diamond, basic_altar,
          bloody_makhleb, uniq_grum, uniq_fannar, uniq_erolcha
Temple:   nicolae_temple_elliptical
Lair:1:   layout_layer_cave
Lair:2:   layout_misc_corridors, elwin_shoals_entry_rooms, basic_altar
Lair:3:   layout_hall_layers, gauntlet_entry_generic, lemuel_fruit_tree,
          grunt_megastairs_5
Gauntlet: gammafunk_gauntlet_hard_choice [gammafunk_gauntlet_arena_arrow_garden,
          nicolae_gauntlet_arena_blocks, gammafunk_gauntlet_arena_hedges,
          nicolae_gauntlet_arena_flowing_pool, nicolae_gauntlet_swirl,
          nicolae_gauntlet_arena_x, gauntlet_exit_green]

Skill      XL: |  1  2  3  4  5  6  7  8  9 10 11 12 |
---------------+-------------------------------------+-----
Axes           | 3 4 5 6 7 14 15 16 17 | 17.3
Fighting       | 4 5 6 7 8 10 | 10.0
Shields        | 4 5 6 7 8 9 |  9.2
Armour         | 4 5 6 8 9 |  9.1
Invocations    | 9 10 11 12 | 12.1
Maces & Flails | 3 4 |  4.3

Action                   |  1- 3 |  4- 6 |  7- 9 | 10-12 | 13-15 || total
-------------------------+-------+-------+-------+-------+-------++-------
Melee: War axe           |   122 |   143 |   246 |   541 |    21 ||  1073
       Eveningstar       |       |       |       |   153 |       ||   153
       Whip              |       |       |       |    13 |       ||    13
Invok: Convert to Beogh  |       |       |     1 |       |       ||     1
       Smiting           |       |       |       |     2 |     1 ||     3
Evoke: Wand              |       |       |     1 |     2 |       ||     3
  Use: Scroll            |     4 |     5 |     9 |    10 |       ||    28
       Potion            |       |       |     1 |     3 |       ||     4
 Stab: Distracted        |       |       |       |     2 |       ||     2
  Eat: Chunk             |       |     5 |     5 |    26 |       ||    36
       Ration            |       |       |     2 |       |     1 ||     3
Armor: Scale mail        |    56 |    44 |    31 |       |       ||   131
       Chain mail        |       |       |    38 |    15 |       ||    53
       Plate armour      |       |       |       |   233 |     6 ||   239
Dodge: Dodged            |    44 |    48 |    34 |   171 |     5 ||   302
Block: Shield            |    74 |    73 |   138 |   516 |    19 ||   820
       Reflection        |       |       |       |    16 |       ||    16
